 Dungeon Crawl Stone Soup version 0.30-a0-652-gcc886f7154 (webtiles) character file.

Game seed: 17719461607865762340

212 Dittersdorf the Trooper (level 5, 0/34 HPs)
             Began as a Gargoyle Fighter on Jan 17, 2023.
             Slain by a kobold
             ... wielding a +0 dagger
              (3 damage)
             ... in a sewer.
             The game lasted 00:05:41 (2239 turns).

Dittersdorf the Trooper (Gargoyle Fighter)          Turns: 2239, Time: 00:05:41

Health: 0/34       AC: 16    Str: 21    XL:     5   Next: 90%
Magic:  5/5        EV:  7    Int:  9    God:
Gold:   145        SH:  4    Dex:  9    Spells: 4/4 levels left

rFire   . . .      SeeInvis .    a - +0 flail
rCold   . . .      Faith    .    c - +0 buckler
rNeg    + . .      Spirit   .    m - +0 chain mail
rPois   ∞          Reflect  .    l - +0 helmet
rElec   +          Harm     .    (no cloak)
rCorr   .          Rampage  .    (no gloves)
Will    .....                    j - +0 pair of boots Stlth
                                 (no amulet)
HPRegen 0.25/turn                (no ring)
MPRegen 0.09/turn                (no ring)

@: no status effects
A: sickness immunity, AC +4, negative energy resistance 1, electricity
resistance, torment resistance 1, petrification resistance
a: no special abilities


You were in a sewer.
You visited 1 branch of the dungeon, and saw 3 of its levels.
You also visited: Sewer.

You collected 145 gold pieces.

Inventory:

Hand Weapons
 a - a +0 flail (weapon)
Missiles
 g - 2 poisoned darts (quivered)
Armour
 c - a +0 buckler (worn)
 j - a +0 pair of boots (worn)
 l - a +0 helmet (worn)
 m - a +0 chain mail (worn)
Scrolls
 e - a scroll of teleportation
 f - a scroll of enchant weapon {unknown}
 i - a scroll of vulnerability {unknown}
Potions
 b - a potion of cancellation
 d - a potion of might
 h - a potion of ambrosia
 k - a potion of heal wounds {unknown}


   Skills:
 + Level 4.5 Fighting
 + Level 3.3 Maces & Flails
 + Level 4.5 Armour
 + Level 4.4 Shields


You had 4 spell levels left.
You didn't know any spells.
Your spell library contained the following spells:

 Spells                   Type           Power      Damage    Failure   Level
 Magic Dart               Conj           0%         1d3       99%         1
 Blink                    Tloc           0%         N/A       100%        2
 Call Imp                 Summ           0%         N/A       100%        2
 Mephitic Cloud           Conj/Pois/Air  0%         N/A       100%        3
 Manifold Assault         Tloc           0%         N/A       100%        4
 Storm Form               Tmut/Air       0%         N/A       100%        7


Dungeon Overview and Level Annotations

Branches:
Dungeon (3/15)              Sewer (1/1)

Altars:
Kikubaaqudgha

Annotations:
D:3 2 runed translucent doors


Innate Abilities, Weirdness & Mutations

You are immune to sickness and miasma.
Your stone body is resilient. (AC +4)
You are immune to poison.
You resist negative energy. (rN+)
You are resistant to electric shocks. (rElec)
You are resistant to unholy torment.
You are immune to petrification.


Message History

You are too injured to fight recklessly!
You are too injured to fight recklessly!
You block the kobold's attack. The kobold attacks as you move away!
The kobold hits you but does no damage. The ufetubus hits you.
* * * LOW HITPOINT WARNING * * *
The ufetubus barely misses you. The kobold closely misses you.
The kobold attacks as you move away! You block the kobold's attack.
The ufetubus hits you but does no damage. x2
The kobold attacks as you move away! The kobold hits you but does no damage.
The ufetubus attacks as you move away!
The ufetubus hits you but does no damage.
You block the ufetubus's attack. The ufetubus closely misses you.
The ufetubus hits you.
* * * LOW HITPOINT WARNING * * *
The shadow imp grins evilly.
The kobold attacks as you move away! The kobold hits you with a +0 whip.
* * * LOW HITPOINT WARNING * * *
The ufetubus hits you but does no damage. x2
The ufetubus hits you but does no damage.
The ufetubus closely misses you.
You closely miss the ufetubus. The ufetubus closely misses you.
The ufetubus hits you but does no damage. x3
You barely miss the ufetubus. The ufetubus closely misses you.
You block the ufetubus's attack.
The ufetubus hits you but does no damage.
The ufetubus hits you.
* * * LOW HITPOINT WARNING * * *
The kobold hits you but does no damage.
You miss the ufetubus. The ufetubus closely misses you.
The ufetubus hits you but does no damage.
The kobold closely misses you. The ufetubus barely misses you.
The ufetubus hits you but does no damage.
You sock the ufetubus!
You kill the ufetubus!
You hit the kobold.
The kobold is moderately wounded.
The kobold hits you with a +0 dagger.
You die...

#≈~.# #≈~.# #~~.#
#≈≈.# #≈~.#
#################~~)#
≈≈..~#~≈≈≈≈≈≈≈≈≈≈≈~.#
~≈.~~≈~≈~K≈K≈~≈≈~~≈.#
≈≈≈~ #...5.@........#
≈≈≈≈ ##K##########~##
≈≈≈≈≈#K..# ≈≈≈≈ #≈≈≈#
≈≈≈≈≈#.5.#≈≈≈≈≈ #≈~≈#
≈≈≈≈~≈...#≈≈≈≈≈ #≈≈≈#
≈≈≈≈~#...≈≈≈≈≈≈ #≈≈≈#
≈≈≈≈≈#...#≈≈≈≈≈ #≈≈≈#
≈≈≈≈≈≈...≈~≈≈≈≈ #~≈≈#
≈≈≈≈≈#...≈~≈≈≈≈ #≈≈≈#


You could see a shadow imp and 3 kobolds.

Vanquished Creatures
  A hound (D:3)
  Jessica (D:2)
  Robin (D:2)
  5 adders
  2 river rats (D:3)
  An ufetubus (Sewer)
  A worm (D:3)
  A dart slug (D:2)
  A bat (D:1)
  5 endoplasms
  4 giant cockroaches
  15 goblins
  10 hobgoblins
  4 jackals (D:1)
  A quokka (D:1)
  A ball python (D:2)
  2 frilled lizards
  12 kobolds
  5 rats
73 creatures vanquished.

Vanquished Creatures (others)
  11 toadstools (D:3)
11 creatures vanquished.

Grand Total: 84 creatures vanquished

Notes
Turn   | Place    | Note
-------+----------+-------------------------------------------
     0 | D:1      | Dittersdorf the Gargoyle Fighter began the quest for the
                  | Orb.
     0 | D:1      | Reached XP level 1. HP: 14/14 MP: 1/1
    80 | D:1      | Reached XP level 2. HP: 12/19 MP: 2/2
   401 | D:1      | Reached XP level 3. HP: 20/23 MP: 3/3
   580 | D:1      | Found a faded altar of an unknown god.
  1189 | D:2      | Noticed Jessica
  1192 | D:2      | Noticed Robin
  1233 | D:1      | Reached XP level 4. HP: 13/29 MP: 4/4
  1317 | D:2      | Killed Jessica
  1559 | D:2      | Killed Robin
  1664 | D:3      | Reached XP level 5. HP: 33/33 MP: 5/5
  1686 | D:3      | Found a large runed translucent door.
  1687 | D:3      | Found a large runed translucent door.
  1985 | D:3      | Found an ancient bone altar of Kikubaaqudgha.
  2163 | D:3      | Found a glowing drain.
  2167 | Sewer    | Entered a sewer
  2239 | Sewer    | Slain by a kobold

Illustrated notes

Levels and vault maps discovered:
D:1:      saegor_arrival_simple_c, layout_loops_cross,
          hellmonk_ecumenical_altar_slurped_away
D:2:      layout_rooms, minmay_box_of_dots, uniq_jessica, uniq_robin
D:3:      cheibrodos_fertilizer, layout_basic, jmf_multi_god_temple2,
          mainiacjoe_overflow_alcove_2, gup_sewer_entry_bowl,
          hangedman_feature_mirror
Sewer:    kennysheep_sewer_church

Skill      XL: |  1  2  3  4 |
---------------+-------------+-----
Fighting       | 4 |  4.5
Armour         | 4 |  4.5
Shields        | 4 |  4.4
Maces & Flails | 3 |  3.3

Action                   |  1- 3 |  4- 6 || total
-------------------------+-------+-------++-------
Melee: Flail             |   114 |   165 ||   279
  Use: Scroll            |       |     6 ||     6
Armor: Scale mail        |    74 |    26 ||   100
       Chain mail        |       |   143 ||   143
Dodge: Dodged            |    62 |    69 ||   131
Block: Buckler           |    29 |    43 ||    72

Table legend: (Time is in decaauts)
 A = Elapsed time spent in this place.
 B = Non-inter-level travel time spent in this place.
 C = Inter-level travel time spent in this place.
 D = Time resting spent in this place.
 E = Time spent auto-exploring this place.
 F = Levels seen in this place.
 G = Mean time per level.
                   A        B        C        D        E       F      G
               +--------+--------+--------+--------+--------+-----+--------+
         Total |   2328 |   2228 |    100 |    183 |   1015 |   4 |  582.0 |
       Dungeon |   2249 |   2149 |    100 |    183 |    987 |   3 |  749.7 |
         Sewer |     79 |     79 |      0 |      0 |     28 |   1 |   79.0 |
               +--------+--------+--------+--------+--------+-----+--------+

Top non-repeatable levels by time:
     D:1: 975 daAuts
     D:2: 729 daAuts
     D:3: 544 daAuts
   Sewer: 79 daAuts
